 Dungeon Crawl Stone Soup version 0.25.0-10-g039870ee82 (webtiles) character file.

Game seed: 15944382133499367113

44 schauveau the Cudgeler (level 3, -5/24 HPs)
             Began as a Gargoyle Monk on June 22, 2020.
             Slain by an iguana (12 damage)
             ... on level 3 of the Dungeon.
             The game lasted 00:03:05 (1783 turns).

schauveau the Cudgeler (Gargoyle Monk)              Turns: 1783, Time: 00:03:06

Health: -5/24      AC:  5    Str: 15    XL:     3   Next: 60%
Magic:  3/3        EV: 12    Int: 10    God:
Gold:   65         SH:  0    Dex: 12    Spells: 2/2 levels left

rFire    . . .     SeeInvis .   a - +0 mace
rCold    . . .     Gourm    .   (no shield)
rNeg     + . .     Faith    .   b - +0 robe
rPois    ∞         Spirit   .   (no helmet)
rElec    +         Reflect  .   (no cloak)
rCorr    .         Harm     .   (no gloves)
MR       .....                  (no boots)
Stlth    ++........             (no amulet)
HPRegen  0.08/turn              (no ring)
MPRegen  0.08/turn              (no ring)

@: no status effects
A: negative energy resistance 1, electricity resistance, unbreathing,
petrification resistance, rot immunity, AC +3
a: no special abilities


You were on level 3 of the Dungeon.
You were not hungry.

You visited 1 branch of the dungeon, and saw 4 of its levels.

You collected 65 gold pieces.

Inventory:

Hand Weapons
 a - a +0 mace (weapon)
Armour
 b - a +0 robe (worn)
Jewellery
 o - an uncursed ring of flight {unknown}
Wands
 n - a wand of random effects (10)
Scrolls
 d - a scroll of enchant armour {unknown}
 e - 2 scrolls of magic mapping {unknown}
 k - a scroll of immolation {unknown}
 q - a scroll of teleportation {unknown}
 r - a scroll of remove curse {unknown}
Potions
 f - a potion of cancellation {unknown}
 g - a potion of degeneration {unknown}
 h - a potion of curing {unknown}
 i - 2 potions of might {unknown}
 j - 2 potions of heal wounds {unknown}
 l - a potion of haste {unknown}
 p - a potion of magic {unknown}
Comestibles
 c - 6 rations
 m - 5 chunks of flesh


   Skills:
 + Level 3.6 Fighting
 * Level 3.7 Maces & Flails
 + Level 1.2 Armour
 - Level 2.4 Dodging
 + Level 2.7 Stealth


You had 2 spell levels left.
You didn't know any spells.
Your spell library was empty.

Dungeon Overview and Level Annotations

Branches:
Dungeon (4/15)
 Temple: D:4-7

Altars:

Annotations:
D:3 Grinder


Innate Abilities, Weirdness & Mutations

You are resistant to torment.
Your stone body is resilient. (AC +3)
You are immune to poison.
You resist negative energy. (rN+)
You are resistant to electric shocks. (rElec)
You can survive without breathing.
You are immune to petrification.
You are immune to rotting.


Message History

The iguana barely misses you.
You climb upwards.
You hear the sound of rushing water.
There is an entrance to a sewer on this level.
Hurry and find it before the portal rusts away!
Level annotation: Grinder
There is a stone staircase leading down here.
Unknown command.
You barely miss the iguana. The iguana misses you.
You hit the iguana.
The iguana is lightly wounded.
The iguana bites you.
* * * LOW HITPOINT WARNING * * *
You closely miss the iguana.
The iguana is lightly wounded.
The iguana bites you but does no damage.
You hit the iguana.
The iguana is moderately wounded.
The iguana bites you!
Ouch! That really hurt!
You die...

#######.####
...........#
......#.##.#############
......#.##..............
......#.########.######.
..........# #.#
.)....#.#.# #.#
........#.# #.#
......###.# #@# #.(.###
.# #l# ##.## .# #.# ...#
.# #.# #### .# #.. ###


You could see an iguana.

Vanquished Creatures
  An ooze (D:1)
  A dart slug (D:2)
  An orc (D:3)
  7 bats
  5 goblins
  5 hobgoblins
  4 jackals
  2 quokkas
  3 kobolds
  2 rats (D:1)
31 creatures vanquished.

Notes
Turn   | Place    | Note
-------+----------+-------------------------------------------
     0 | D:1      | schauveau the Gargoyle Monk began the quest for the Orb.
     0 | D:1      | Reached XP level 1. HP: 14/14 MP: 1/1
   303 | D:1      | Reached XP level 2. HP: 19/19 MP: 2/2
   803 | D:2      | Reached skill level 1 in Armour
   803 | D:2      | Reached XP level 3. HP: 23/23 MP: 3/3
  1597 | D:3      | Noticed Grinder
  1783 | D:3      | Slain by an iguana

Illustrated notes

Levels and vault maps discovered:
D:1:      scummos_arrival_gate, layout_loops_ring
D:2:      layout_basic, chequers_serial_rivers_micro_c, minmay_rat_hole
D:3:      layout_loops_ring, first_ration, gup_sewer_entry_pipe,
          chequers_ecumenical_altar_simple_redux, kennysheep_nub,
          grunt_ministairs_12, uniq_grinder
D:4:      layout_cave_pools, minmay_temple_entry_mini_moons, uniq_duvessa

Skill      XL: |  1  2 |
---------------+-------+-----
Armour         | 1 |  1.2
Fighting       | |  3.6
Maces & Flails | |  3.7
Dodging        | |  2.4
Stealth        | |  2.7

Action                   || total
-------------------------++-------
Melee: Mace              ||   131
 Stab: Sleeping          ||     3
  Eat: Chunk             ||     3
Armor: Robe              ||    92
Dodge: Dodged            ||   169
